 Dungeon Crawl Stone Soup version 0.30-a0-793-g160f7cfddd (webtiles) character file.

Game seed: 12770960987867578212

212151 xian the Severer (level 18, -1/173 HPs)
             Began as a Minotaur Berserker on Feb 19, 2023.
             Was a High Priest of Trog.
             Killed from afar by a will-o-the-wisp (21 damage)
             ... with a foxfire
             ... on level 2 of the Swamp on Feb 20, 2023.
             The game lasted 01:40:56 (35366 turns).

xian the Severer (Minotaur Berserker)              Turns: 35366, Time: 01:40:56

Health: -1/173     AC: 31    Str: 35    XL:     18   Next: 23%
Magic:  15/15      EV: 15    Int: 10    God:    Trog [*****.]
Gold:   2380       SH: 23    Dex: 11    Spells: 17/17 levels left

rFire   . . .      SeeInvis +    L - +1 morningstar "Eviscerator" {heavy, Fly rElec rCorr Int+2}
rCold   + . .      Faith    .    j - +4 kite shield {reflect}
rNeg    . . .      Spirit   .    l - +3 plate armour {rC+}
rPois   +          Reflect  +    (helmet restricted)
rElec   +          Harm     .    b - +3 cloak of Eternity {Int+4 SInv}
rCorr   +          Rampage  .    W - +2 pair of gloves
Will    +....                    h - +0 pair of boots Stlth
                                 v - amulet of reflection
HPRegen 0.48/turn                f - +5 ring of evasion
MPRegen 0.14/turn                X - +6 ring of strength

@: on berserk cooldown, flying
A: horns 2, retaliatory headbutt, low MP 1, poison resistance
}: 1/15 runes: serpentine
a: Renounce Religion, Berserk, Trog's Hand, Brothers in Arms


You were on level 2 of the Swamp.
You worshipped Trog.
Trog was extremely pleased with you.
You visited 5 branches of the dungeon, and saw 28 of its levels.
You also visited: Ossuary.

You collected 3653 gold pieces.
You spent 1273 gold pieces at shops.

Inventory:

Hand Weapons
 i - a +2 executioner's axe of flaming
 L - the +1 morningstar "Eviscerator" (weapon) {heavy, Fly rElec rCorr Int+2}
   (You found it on level 5 of the Lair of Beasts)

   Int:       It affects your intelligence (+2).
   rElec:     It insulates you from electricity.
   Fly:       It grants you flight.
   rCorr:     It protects you from acid and corrosion.
Missiles
 m - 13 javelins
 r - 12 atropa-tipped darts
 C - 5 curare-tipped darts
 F - 51 poisoned darts (quivered)
 G - 10 boomerangs of dispersal
 O - 5 datura-tipped darts
 P - 6 silver javelins
Armour
 b - the +3 cloak of Eternity (worn) {Int+4 SInv}
   (You bought it in a shop on level 1 of the Snake Pit)

   Int:       It affects your intelligence (+4).
   SInv:      It lets you see invisible.
 h - a +0 pair of boots (worn)
 j - a +4 kite shield of reflection (worn)
 l - a +3 plate armour of cold resistance (worn)
 D - an orb of mayhem
 W - a +2 pair of gloves (worn)
Jewellery
 f - a +5 ring of evasion (left hand)
 v - an amulet of reflection (around neck)
 y - a ring of protection from fire
 M - a +5 ring of evasion
 N - a ring of poison resistance
 X - a +6 ring of strength (right hand)
Wands
 z - a wand of mindburst (49)
 B - a wand of roots (36)
 K - a wand of flame (46)
 R - a wand of paralysis (11)
 U - a wand of polymorph (2)
 V - a wand of light (13)
Scrolls
 a - 4 scrolls of blinking {unknown}
 c - 9 scrolls of teleportation
 k - a scroll of butterflies
 o - 3 scrolls of immolation
 s - 6 scrolls of noise {unknown}
 t - 3 scrolls of poison {unknown}
 w - 5 scrolls of vulnerability
 x - 3 scrolls of silence
 A - 2 scrolls of fear
 E - 2 scrolls of brand weapon
 I - 2 scrolls of enchant weapon
 Q - 3 scrolls of magic mapping
Potions
 d - 23 potions of curing
 e - 6 potions of haste
 g - 6 potions of heal wounds
 n - 3 potions of mutation
 p - a potion of ambrosia
 q - 4 potions of berserk rage
 H - 5 potions of might
 J - a potion of invisibility
 S - 5 potions of lignification
 T - a potion of resistance


   Skills:
 + Level 18.7 Fighting
 + Level 20.1(21.8) Axes
 + Level 14.7(19.2) Maces & Flails
 + Level 7.9 Throwing
 + Level 18.3 Armour
 + Level 6.7 Dodging
 + Level 3.0 Stealth
 + Level 17.6 Shields
 + Level 1.1 Unarmed Combat


You had 17 spell levels left.
You didn't know any spells.
Your spell library contained the following spells:

 Spells                   Type           Power      Damage    Failure   Level
 Apportation              Tloc           0%         N/A       91%         1
 Foxfire                  Conj/Fire      0%         2x1d4     91%         1
 Cigotuvi's Dreadful Rot  Necr/Pois/Air  0%         N/A       97%         2
 Ensorcelled Hibernation  Hex/Ice        0%         N/A       97%         2
 Passwall                 Tmut/Erth      0%         N/A       97%         2
 Scorch                   Fire           0%         2d5       97%         2
 Static Discharge         Conj/Air       0%         2-2/arc   97%         2
 Call Canine Familiar     Summ           0%         N/A       100%        3
 Gell's Gravitas          Tloc           0%         N/A       100%        3
 Hailstorm                Conj/Ice       0%         3d3       100%        3
 Ignite Poison            Fire/Tmut/Pois 0%         N/A       100%        3
 Inner Flame              Hex/Fire       0%         N/A       100%        3
 Kindle Blastsparks       Fire/Tloc/Air  0%         2d10      100%        3
 Portal Projectile        Hex/Tloc       0%         N/A       100%        3
 Swiftness                Air            0%         N/A       100%        3
 Teleport Other           Tloc           0%         N/A       100%        3
 Tukima's Dance           Hex            0%         N/A       100%        3
 Vhi's Electric Charge    Tloc/Air       0%         N/A       100%        3
 Dispel Undead            Necr           0%         3d6       100%        4
 Flame Wave               Conj/Fire      0%         2d4       100%        4
 Ice Form                 Ice/Tmut       0%         N/A       100%        4
 Leda's Liquefaction      Hex/Erth       0%         N/A       100%        4
 Passage of Golubria      Tloc           0%         N/A       100%        4
 Sticky Flame             Conj/Fire      0%         2d3       100%        4
 Alistair's Intoxication  Tmut/Pois      0%         N/A       100%        5
 Arcjolt                  Conj/Air       0%         1d10      100%        5
 Blade Hands              Tmut           0%         N/A       100%        5
 Borgnjor's Vile Clutch   Necr/Erth      0%         N/A       100%        5
 Fireball                 Conj/Fire      0%         3d3       100%        5
 Freezing Cloud           Conj/Ice/Air   0%         6-21      100%        5
 Lightning Bolt           Conj/Air       0%         1d11      100%        5
 Silence                  Hex/Air        0%         N/A       100%        5
 Summon Forest            Summ/Tloc      0%         N/A       100%        5
 Summon Mana Viper        Hex/Summ       0%         N/A       100%        5
 Yara's Violent Unravell  Hex/Tmut       0%         3d3       100%        5
 Death Channel            Necr           0%         N/A       100%        6
 Dispersal                Tloc           0%         N/A       100%        6
 Eringya's Noxious Bog    Tmut/Pois      0%         N/A       100%        6
 Simulacrum               Ice/Necr       0%         N/A       100%        6
 Starburst                Conj/Fire      0%         6d3       100%        6
 Summon Cactus Giant      Summ           0%         N/A       100%        6
 Ignition                 Fire           0%         3d3       100%        8
 Lehudib's Crystal Spear  Conj/Erth      0%         10d2      100%        8


Dungeon Overview and Level Annotations

Branches:
Dungeon (15/15)            Temple (0/1) D:4            Lair (5/5) D:9
  Swamp (2/4) Lair:3        Snake (4/4) Lair:3        Slime (0/5) Lair:4
    Orc (2/2) D:9             Elf (0/3) Orc:2        Vaults (0/5) D:14
 Depths (0/4) D:15        Ossuary (visited)

Altars:
Ashenzari
Cheibriados
Dithmenos
Elyvilon
Qazlal
Sif Muna
Wu Jian
Xom
Zin
The Shining One
Jiyva
Lugonu

Shops:
D:4 *[   D:14 =   Orc:2 !(*(   Snake:1 ((*   Snake:3 (

Portals:
Abyss: Orc:2

Annotations:
Lair:4 exclusion: oklob plant


Innate Abilities, Weirdness & Mutations

You have a pair of horns on your head.
You reflexively headbutt those who attack you in melee.
Your magical capacity is low. (-10% MP)
Your system is resistant to poisons. (rPois)


Message History

Trog appreciates your killing of a magic user.
You hear a splash. x3
The foxfire hits you.
The foxfire hits you but does no damage.
The will-o-the-wisp gestures.
The will-o-the-wisp conjures some foxfire! 2 foxfires come into view.
You feel the effects of Trog's Hand fading.
The foxfire hits you!
The foxfire moves out of view.
Things that are here:
a +1 vampiric demon trident; a +0 plate armour of poison resistance; a +0 tower shield Unknown command.
Your skin stops crawling.
You feel less strong-willed.
The will-o-the-wisp gestures.
The will-o-the-wisp conjures some foxfire! 2 foxfires come into view.
The foxfire hits you!!
* * * LOW HITPOINT WARNING * * *
The foxfire hits you.
* * * LOW HITPOINT WARNING * * *
You block the will-o-the-wisp's attack.
You sock the will-o-the-wisp! You headbutt the will-o-the-wisp!
The will-o-the-wisp is severely damaged.
The will-o-the-wisp blinks!
The will-o-the-wisp gestures.
The will-o-the-wisp conjures some foxfire! 2 foxfires come into view.
The foxfire hits you!
* * * LOW HITPOINT WARNING * * *
The foxfire hits you.
* * * LOW HITPOINT WARNING * * *
The will-o-the-wisp blinks!
You feel yourself speed up.
The will-o-the-wisp gestures.
The will-o-the-wisp conjures some foxfire! 2 foxfires come into view.
The foxfire hits you!
* * * LOW HITPOINT WARNING * * *
The foxfire hits you!!
You die...

♣....~.~~~~~~≈≈
♣.≈≈≈≈..≈≈≈≈≈≈≈
♣.≈≈≈≈≈≈≈≈.♣♣♣♣
♣..≈≈≈≈≈....♣§♣ .♣♣
♣........†..♣♣ .....
♣♣♣♣♣♣♣~.~§..§~..♣ ♣..~.♣
♣..~.♣♣♣.~.♣§~~...
~...~♣♣♣..~~♣♣♣♣.~~~~~~.♣
♣§~...♣.@....♣♣♣.~~~..~§♣
♣...♣?v~~~...♣~.~~...§.
♣♣♣..~.§~~~~~~~)♣§§§~v.§
♣♣~.....§v~~~~~~.♣♣♣.~~.♣
♣♣.~~~~§~§~~~~~~.~♣
♣...♣♣
♣.~§~~~~~~~~~..^♣♣♣ ♣♣♣♣♣
♣.~~~.~~~~~~.~♣♣♣
♣..~...~~~~~.♣♣
♣♣..♣..~~~~§~♣ ♣


You could see a will-o-the-wisp.

Vanquished Creatures
  Rupert (Snake:1)
  Mlioglotl (Snake:1)
  2 quicksilver dragons (Snake:4)
  Frances (D:12)
  Kirke (Snake:1)
  Donald (Orc:1)
  5 nagarajas
  Louise (Swamp:2)
  Aizul (Snake:1)
  2 eleionomae
  Josephine (Lair:3)
  8 hydras
  A salamander tyrant (Snake:4)
  Erolcha (D:9)
  An ogre mage (D:11)
  6 centaur warriors
  7 boulder beetles
  A ghost crab (Swamp:1)
  9 anacondas
  A death knight (D:11)
  7 naga warriors
  3 two-headed ogres
  14 death yaks
  6 alligators (Swamp:1)
  A vampire mage (D:15)
  Urug (Lair:3)
  6 orc high priests
  3 tengu warriors
  Nergalle (D:12)
  Sonja (Orc:1)
  16 naga sharpshooters
  10 shock serpents
  A skyshark (Lair:2)
  Lodul (D:11)
  5 salamander mystics
  11 skeletal warriors
  2 goliath frogs (Swamp:1)
  A deep troll (shapeshifter) (D:15)
  4 naga ritualists
  A tengu zombie (D:15)
  A wizard (D:14)
  12 orc knights
  A necromancer (D:15)
  The ghost of osoart the Shield-Bearer, a novice FoFi of Wu Jian (D:5)
  A wolf spider zombie (D:14)
  16 mana vipers
  3 deep elf pyromancers
  26 ugly things
  6 manticores
  2 cyclopes (D:13)
  A will-o-the-wisp (Lair:3)
  An orc sorcerer (D:15)
  A salamander (shapeshifter) (D:14)
  17 salamanders
  3 guardian serpents
  Joseph (D:8)
  Maurice (D:8)
  24 naga magi
  4 centaur zombies (D:14)
  47 black mambas
  19 cane toads
  3 rime drakes
  2 frost giant skeletons (D:15)
  2 gargoyles (D:12)
  7 torpor snails
  Maggie (D:8)
  An efreet (D:15)
  A freezing wraith (D:14)
  A yaktaur (shapeshifter) (D:14)
  6 komodo dragons
  A komodo dragon (shapeshifter) (D:15)
  A redback zombie (D:14)
  2 meliai
  A tengu conjurer (D:15)
  A harpy zombie (D:14)
  6 trolls
  4 tyrant leeches
  4 polar bears
  Prince Ribbit (D:6)
  33 blink frogs
  15 dream sheep
  A meliai zombie (D:14)
  A hornet (D:8)
  5 slime creatures (D:12)
  5 shadows
  A centaur simulacrum (D:14)
  5 wraiths
  3 vampires
  35 yaks
  4 hogs (Snake:1)
  3 wyverns
  3 basilisks
  20 vampire mosquitoes
  3 steam dragons
  5 wargs
  38 nagas
  7 swamp worms
  An acid dragon (D:11)
  6 water moccasins
  48 orc warriors
  A sky beast (D:8)
  A black bear (Lair:1)
  A tengu skeleton (D:15)
  11 ogres
  A boggart (D:11)
  14 wolves
  16 centaurs
  2 elf zombies (Ossuary)
  3 kobold brigands
  13 bullfrogs
  6 necrophages (Lair:4)
  A gnoll sergeant (D:6)
  5 scorpions
  18 wights
  14 killer bees
  7 howler monkeys
  3 electric eels
  A bullfrog zombie (D:5)
  6 jellies
  A gnoll bouda (D:4)
  11 hounds
  A bullfrog skeleton (D:5)
  22 orc priests
  3 iguanas
  Natasha (twice) (D:2)
  19 orc wizards
  7 hell rats (Lair:2)
  4 mummies
  20 gnolls
  6 adders
  A shadow imp (D:7)
  5 ufetubi
  2 adder zombies (Ossuary)
  A worm (D:2)
  2 dart slugs
  83 orcs
  7 bats
  11 endoplasms
  3 giant cockroaches
  5 goblins
  10 hobgoblins
  3 quokkas
  6 ball pythons
  2 frilled lizards (D:1)
  A goblin zombie (Ossuary)
  5 hobgoblin zombies (Ossuary)
  25 kobolds
  A kobold zombie (D:7)
  An orc zombie (D:7)
  4 quokka zombies (Ossuary)
  5 rats
  4 rat zombies (Ossuary)
  A lurking horror (Orc:2)
1030 creatures vanquished.

Vanquished Creatures (collateral kills)
  Saint Roka (Orc:2)
  Jorgrun (Orc:1)
  An anaconda (Snake:4)
  A two-headed ogre (D:11)
  A sea snake (Snake:4)
  2 mana vipers (Snake:4)
  2 black mambas (Snake:4)
  An orc warrior (Orc:2)
  2 ogres (D:11)
  5 orcs
17 creatures vanquished.

Vanquished Creatures (others)
  Nikola (Swamp:1)
  A nagaraja (Snake:2)
  A ghost crab (Swamp:1)
  An alligator (Swamp:1)
  A naga warrior (Snake:4)
  A mana viper (Snake:2)
  2 wraiths (Swamp:1)
  An orc (Orc:2)
  A bush (Lair:3)
  33 foxfires
  40 fungi
  A lurking horror (Orc:2)
  141 plants
  8 withered plants
233 creatures vanquished.

Grand Total: 1280 creatures vanquished

Notes
Turn   | Place    | Note
-------+----------+-------------------------------------------
     0 | D:1      | xian the Minotaur Berserker began the quest for the Orb.
     0 | D:1      | Reached XP level 1. HP: 19/19 MP: 0/0
    79 | D:1      | Reached XP level 2. HP: 27/27 MP: 1/1
   171 | D:1      | Reached skill level 4 in Axes
   478 | D:1      | Found a faded altar of an unknown god.
   661 | D:2      | Reached ** piety under Trog
   723 | D:2      | Reached XP level 3. HP: 28/34 MP: 2/2
   952 | D:2      | Noticed Natasha
   958 | D:2      | Killed Natasha
   995 | D:2      | Noticed Natasha
  1005 | D:2      | Killed Natasha
  1006 | D:2      | Reached XP level 4. HP: 35/41 MP: 3/3
  1140 | D:2      | Found a glowing golden altar of the Shining One.
  1457 | D:3      | Reached skill level 5 in Axes
  1593 | D:3      | Reached skill level 5 in Fighting
  1593 | D:3      | Reached XP level 5. HP: 48/48 MP: 4/4
  2053 | D:4      | Reached skill level 6 in Axes
  2053 | D:4      | Reached XP level 6. HP: 56/56 MP: 5/5
  2163 | D:4      | Found Zin's Purification Station.
  2166 | D:4      | Found a glowing silver altar of Zin.
  2537 | D:4      | Found a staircase to the Ecumenical Temple.
  2669 | D:4      | Reached skill level 1 in Stealth
  2719 | D:4      | Reached skill level 1 in Shields
  2840 | D:4      | Found Jacsid's Armour Shop.
  3021 | D:5      | Entered Level 5 of the Dungeon
  3030 | D:5      | Reached skill level 7 in Axes
  3148 | D:5      | Reached XP level 7. HP: 62/62 MP: 6/6
  3153 | D:5      | Reached skill level 8 in Axes
  3529 | D:5      | Found a stormy altar of Qazlal.
  3577 | D:5      | Reached skill level 5 in Armour
  3582 | D:5      | Reached skill level 9 in Axes
  3617 | D:5      | Found a transporter.
  3619 | D:5      | Noticed osoart's ghost (novice FoFi)
  3621 | D:5      | Found a transporter.
  3641 | D:5      | Killed osoart's ghost
  3642 | D:5      | Reached skill level 11 in Axes
  3642 | D:5      | Reached XP level 8. HP: 71/71 MP: 7/7
  3694 | D:5      | Reached skill level 1 in Throwing
  4047 | D:6      | Reached skill level 12 in Axes
  4223 | D:6      | Reached XP level 9. HP: 79/79 MP: 8/8
  4237 | D:6      | Reached skill level 13 in Axes
  4253 | D:6      | Reached *** piety under Trog
  4442 | D:6      | Noticed Prince Ribbit
  4449 | D:6      | Killed Prince Ribbit
  4468 | D:5      | Reached skill level 14 in Axes
  5102 | D:7      | Found a sand-covered staircase.
  5135 | Ossuary  | Entered an ossuary
  5537 | D:7      | Found a shadowy altar of Dithmenos.
  5808 | D:7      | Reached **** piety under Trog
  5848 | D:7      | Reached skill level 15 in Axes
  6031 | D:7      | Got the Catalogue of Accelerants
  6397 | D:8      | Noticed a two-headed ogre
  6413 | D:8      | Killed a two-headed ogre
  6414 | D:8      | Reached skill level 16 in Axes
  6414 | D:8      | Reached XP level 10. HP: 45/88 MP: 9/9
  6584 | D:8      | Noticed Maggie
  6598 | D:8      | Killed Maggie
  7018 | D:8      | Found an ornate altar of the Wu Jian Council.
  7044 | D:8      | Noticed Joseph
  7066 | D:8      | Killed Joseph
  7182 | D:8      | Found a snail-covered altar of Cheibriados.
  7335 | D:8      | Noticed Maurice
  7382 | D:8      | Killed Maurice
  7907 | D:9      | Found a staircase to the Orcish Mines.
  8051 | D:9      | Identified a scroll of acquirement
  8075 | D:9      | Reached XP level 11. HP: 92/97 MP: 10/10
  8297 | D:9      | Noticed Erolcha
  8318 | D:9      | Killed Erolcha
  8319 | D:9      | Reached skill level 10 in Armour
  8319 | D:9      | Reached skill level 5 in Shields
  8419 | D:9      | Found a staircase to the Lair.
  8512 | D:9      | Found a large runed translucent door.
  8516 | D:9      | Found a large runed translucent door.
  8637 | D:9      | Found a broken altar of Ashenzari.
  8651 | D:9      | Found a shimmering altar of Xom.
  8686 | D:10     | Entered Level 10 of the Dungeon
  8796 | D:10     | Noticed a two-headed ogre
  8813 | D:10     | Killed a two-headed ogre
  8814 | D:10     | Reached skill level 5 in Throwing
  8830 | D:10     | Found a white marble altar of Elyvilon.
  9155 | D:10     | Noticed a boulder beetle
  9178 | D:10     | Killed a boulder beetle
  9290 | D:10     | Found a shimmering blue altar of Sif Muna.
  9320 | D:10     | Reached skill level 17 in Axes
  9619 | D:11     | Noticed a death knight
  9628 | D:11     | Noticed a two-headed ogre
  9634 | D:11     | Killed a two-headed ogre
  9635 | D:11     | Reached skill level 10 in Fighting
  9645 | D:11     | Killed a death knight
  9816 | D:11     | Noticed Lodul
  9830 | D:11     | Killed Lodul
  9979 | D:11     | Noticed a two-headed ogre
  9984 | D:11     | Killed a two-headed ogre
 10050 | D:11     | Found Vawnec's Assorted Antiques.
 10083 | D:11     | Noticed an orc knight
 10103 | D:11     | Killed an orc knight
 10139 | D:11     | Reached XP level 12. HP: 103/108 MP: 11/11
 10153 | D:11     | Noticed an ogre mage
 10160 | D:11     | Killed an ogre mage
 10285 | D:11     | Noticed a boulder beetle
 10300 | D:11     | Killed a boulder beetle
 11123 | D:12     | Noticed Nergalle
 11131 | D:12     | Killed Nergalle
 11730 | D:12     | Identified the +2 rapier "Asadintuzemn" {drain, *Rage rElec
                  | rC++ Int+4}
 11830 | D:12     | Reached skill level 18 in Axes
 12609 | D:12     | Noticed Frances
 12621 | D:12     | Killed Frances
 12884 | Lair:1   | Entered Level 1 of the Lair of Beasts
 12941 | Lair:1   | Reached XP level 13. HP: 104/119 MP: 12/12
 13206 | Lair:1   | Found a snail-covered altar of Cheibriados.
 14278 | Lair:2   | Reached ***** piety under Trog
 14505 | Lair:2   | Reached skill level 15 in Armour
 15231 | Lair:3   | Found a staircase to the Snake Pit.
 15297 | Lair:3   | Noticed Urug
 15312 | Lair:3   | Killed Urug
 15636 | Lair:3   | Reached skill level 19 in Axes
 15752 | Lair:3   | Identified the +4 dagger of Ambiguity {spect, +Blink MP+9
                  | Str+4 Stlth-}
 15848 | Lair:3   | Found a staircase to the Swamp.
 16113 | Lair:4   | Reached XP level 14. HP: 132/132 MP: 13/13
 16225 | Lair:4   | Found a viscous altar of Jiyva.
 16227 | Lair:4   | Found a staircase to the Slime Pits.
 16454 | Lair:4   | Received a gift from Trog
 17269 | Lair:5   | Entered Level 5 of the Lair of Beasts
 17359 | Lair:5   | Reached skill level 5 in Dodging
 17381 | Lair:5   | Reached skill level 15 in Fighting
 18319 | Lair:5   | Received a gift from Trog
 18698 | Lair:5   | Identified the +0 scale mail of the Untouchables {Harm
                  | rPois Str-4}
 18715 | Lair:5   | Identified the +1 morningstar "Eviscerator" {heavy, Fly
                  | rElec rCorr Int+2}
 19111 | Orc:1    | Entered Level 1 of the Orcish Mines
 19310 | Orc:2    | Entered Level 2 of the Orcish Mines
 19310 | Orc:2    | Found a staircase to the Elven Halls.
 19360 | Orc:2    | Noticed Donald
 19361 | Orc:2    | Noticed Saint Roka
 19375 | Orc:2    | Reached skill level 20 in Axes
 19378 | Orc:1    | HP: 4/137 [Donald/+1 broad axe of flaming (5)]
 19383 | Orc:1    | Killed Donald
 20011 | Orc:2    | Killed Saint Roka
 20012 | Orc:2    | Reached skill level 1 in Maces & Flails
 20012 | Orc:2    | Reached XP level 15. HP: 140/144 MP: 14/14
 20220 | Orc:2    | Found a corrupted altar of Lugonu.
 20393 | Orc:2    | Found a one-way gate to the infinite horrors of the Abyss.
 20651 | Orc:2    | Noticed Sonja
 20673 | Orc:1    | Killed Sonja
 20977 | Orc:1    | Noticed Jorgrun
 21018 | Orc:1    | Killed Jorgrun
 21290 | Orc:1    | You are sucked into a shaft and drop 1 floor!
 21331 | Orc:2    | Reached skill level 10 in Shields
 22110 | Orc:2    | Reached skill level 5 in Maces & Flails
 22294 | Orc:2    | Found Wetweo's Antique Weapon Emporium.
 22294 | Orc:2    | Found Koimp's Distillery.
 22295 | Orc:2    | Found Asoxzur's Assorted Antiques.
 22295 | Orc:2    | Found Jefuihywo's Weapon Shoppe.
 22303 | Orc:2    | Bought a potion of heal wounds for 135 gold pieces
 22303 | Orc:2    | Bought a scroll labelled BYZIRA LATEKOE for 27 gold pieces
 22303 | Orc:2    | Bought a scroll labelled FINEFU QEIFIST for 27 gold pieces
 22309 | Orc:2    | Bought a potion of haste for 150 gold pieces
 22309 | Orc:2    | Bought a potion of heal wounds for 75 gold pieces
 22309 | Orc:2    | Bought a potion of curing for 45 gold pieces
 22309 | Orc:2    | Bought a potion of heal wounds for 75 gold pieces
 22320 | Orc:2    | Gained mutation: You are weak. (Str -2) [potion of
                  | mutation]
 22321 | Orc:2    | Lost mutation: You are weak. (Str -2) [potion of mutation]
 22321 | Orc:2    | Gained mutation: You have a somewhat thin skeletal
                  | structure. (Dex +2, Stealth+) [potion of mutation]
 22321 | Orc:2    | Gained mutation: Potions are less effective at restoring
                  | your health. [potion of mutation]
 22321 | Orc:2    | Gained mutation: You are partially covered in iridescent
                  | scales. (AC +2) [potion of mutation]
 22459 | Orc:2    | Lost mutation: You have a somewhat thin skeletal structure.
                  | (Dex +2, Stealth+) [potion of mutation]
 22459 | Orc:2    | Lost mutation: You are partially covered in iridescent
                  | scales. (AC +2) [potion of mutation]
 22459 | Orc:2    | Lost mutation: Potions are less effective at restoring your
                  | health. [potion of mutation]
 22459 | Orc:2    | Gained mutation: Your magical capacity is low. (-10% MP)
                  | [potion of mutation]
 22459 | Orc:2    | Gained mutation: Your system is resistant to poisons.
                  | (rPois) [potion of mutation]
 24430 | D:14     | Received a gift from Trog
 24491 | D:14     | Found Logui's Jewellery Emporium.
 24754 | D:14     | Found a gate to the Vaults.
 24844 | D:14     | Reached XP level 16. HP: 141/154 MP: 13/13
 25114 | D:15     | Entered Level 15 of the Dungeon
 25266 | D:15     | Found a staircase to the Depths.
 25412 | D:15     | Reached skill level 10 in Maces & Flails
 25599 | D:15     | Received a gift from Trog
 26133 | Snake:1  | Entered Level 1 of the Snake Pit
 26151 | Snake:1  | Noticed Kirke
 26159 | Snake:1  | Noticed a sphinx
 26187 | Snake:1  | Killed Kirke
 26440 | Snake:1  | Found Fyaruum's General Store.
 26444 | Snake:1  | Found Qofiwn's Antique Weapon Shoppe.
 26445 | Snake:1  | Found Iheoqac's Weapon Emporium.
 26448 | Snake:1  | Bought the +3 cloak of Eternity {Int+4 SInv} for 703 gold
                  | pieces
 26484 | Snake:1  | Bought a scroll of identify for 36 gold pieces
 26647 | Snake:1  | Reached skill level 1 in Unarmed Combat
 27217 | Snake:1  | Noticed Rupert
 27220 | Snake:1  | Noticed Aizul
 27233 | Snake:1  | Killed Rupert
 27239 | Snake:1  | Killed Aizul
 27750 | Snake:1  | Noticed Mlioglotl
 27763 | Snake:1  | Killed Mlioglotl
 28033 | Snake:2  | Received a gift from Trog
 28653 | Snake:2  | Reached XP level 17. HP: 161/163 MP: 14/14
 29964 | Snake:3  | Reached skill level 15 in Shields
 30909 | Snake:3  | Found Lyorag's Weapon Shop.
 31720 | Snake:4  | Entered Level 4 of the Snake Pit
 31778 | Snake:4  | Found a broken altar of Ashenzari.
 31941 | Snake:4  | Received a gift from Trog
 32182 | Snake:4  | Acquired 548 gold pieces
 32338 | Snake:4  | Noticed a quicksilver dragon
 32342 | Snake:4  | Noticed a quicksilver dragon
 32347 | Snake:4  | Killed a quicksilver dragon
 32349 | Snake:4  | Killed a quicksilver dragon
 33534 | Snake:4  | Got a serpentine rune of Zot
 33683 | Snake:4  | Found a runed translucent gate.
 33683 | Snake:4  | Found a runed translucent gate.
 33683 | Snake:4  | Found a runed translucent gate.
 33768 | Snake:4  | Reached XP level 18. HP: 173/173 MP: 15/15
 33965 | Swamp:1  | Entered Level 1 of the Swamp
 33965 | Swamp:1  | Noticed Nikola
 34044 | Swamp:1  | Noticed Josephine
 34052 | Lair:3   | Killed Josephine
 34315 | Swamp:1  | Killed Nikola
 35322 | Swamp:2  | Noticed Louise
 35352 | Swamp:2  | Killed Louise
 35366 | Swamp:2  | Killed from afar by a will-o-the-wisp

Illustrated notes

Levels and vault maps discovered:
D:1:      ebering_trefoil_twist, layout_rooms,
          shapermc_ecumenical_altar_hornbeckon
D:2:      layout_loops_ring, basic_altar, uniq_natasha
D:3:      layout_basic
D:4:      layout_basic, zin_purify, temple_hall, serial_shops,
          nicolae_shop_behind_doors
D:5:      layout_cave_pods, overflow_temple_1_default,
          gammafunk_ghost_mausoleum, grunt_ministairs_13
D:6:      layout_basic, minmay_unpleasant_kobolds, uniq_prince_ribbit1
D:7:      kennysheep_housing_project, layout_loops_ring,
          nicolae_dithmenos_the_darkroom, nicolae_ossuary_entry_giza
D:8:      layout_layer_cave, lemuel_tele_altar, kennysheep_slug_shrine,
          uniq_maggie, uniq_joseph, uniq_maurice
D:9:      layout_stronghold, jmf_multi_god_temple2, lair_entry_dummy,
          david_orc_2, uniq_erolcha
D:10:     layout_loops_ring, mainiacjoe_overflow_24_doors, elyvilon_altar_5
D:11:     minmay_ornate_pinched, layout_stronghold, serial_shops,
          nicolae_stop_n_shop_2, minivault_11, uniq_lodul
D:12:     layout_grid_maze, minmay_misc_feat_pillars,
          nrook_guardian_serpent_double, uniq_frances, uniq_nergalle
D:13:     layout_grid_maze
D:14:     layout_loops_ring, david_vaults_4, serial_shops, nicolae_diamond_shop,
          minmay_misc_feat_diagonals, serial_undead, serial_undead_d,
          serial_undead_f, serial_undead_e, serial_undead_e, serial_undead_c,
          serial_undead_a, serial_undead_f
D:15:     gammafunk_depths_entry_grave, layout_cross, skrybe_limestone_x
Lair:1:   layout_small_grid, kennysheep_snail_temple, grunt_megastairs_5
Lair:2:   beast_lair_carwin_large_2, layout_long_grid
Lair:3:   layout_roguey, minmay_swamp_entry_swarm, guppyfry_snake_entry_island,
          uniq_urug
Lair:4:   layout_long_grid, minmay_slime_entry_oklob_enclosed,
          nicolae_lair_grove_arrangements, roderic_carrion_pond,
          grunt_megastairs_3, infiniplex_staircase_pool
Lair:5:   minmay_lair_end_frog_pond, layout_regular_city,
          grunt_forest_small_clearing_treed
Swamp:1:  layout_basic_swamp, nicolae_swamp_trees_clearing,
          infiniplex_staircase_pool_2, uniq_josephine, uniq_nikola
Swamp:2:  layout_basic_swamp, nicolae_swamp_long_stream, uniq_louise
Snake:1:  layout_rooms, grunt_ministairs_13, drop_trap, st_stairs_11,
          nicolae_snake_gridmaze_zigzag, minmay_shop_star, serial_bayou_shore_b,
          uniq_rupert, uniq_mlioglotl, uniq_kirke, uniq_aizul
Snake:2:  layout_chambers, st_stairs_5
Snake:3:  layout_chambers, serial_shops, nicolae_shop_bloodbath_and_beyond,
          drop_trap, lemuel_fruit_tree
Snake:4:  hellmonk_snake_rune_quicksilver_temple, layout_cave_town, basic_altar,
          nicolae_snake_horde_hoard
Orc:1:    layout_diamond_mine, uniq_jorgrun
Orc:2:    st_orc_pillars, layout_diamond_mine, amcnicky_altar_lugonu_corruption,
          uniq_donald, uniq_saint_roka, uniq_sonja

Skill      XL: |  1  2  3  4  5  6  7  8  9 10 11 12 13 14 15 16 17 |
---------------+----------------------------------------------------+-----
Fighting       | 4 5 6 7 8 9 10 12 14 16 17 18 | 18.7
Axes           | 4 5 6 7 11 12 16 17 18 19 20 | 20.1
Armour         | 3 4 5 6 8 9 12 14 15 16 17 18 | 18.3
Dodging        | 3 4 5 6 |  6.7
Stealth        | 1 2 3 |  3.0
Shields        | 1 2 3 4 5 7 8 9 12 14 17 | 17.6
Throwing       | 1 2 4 6 7 |  7.9
Maces & Flails | 1 8 12 14 | 14.7
Unarmed Combat | 1 |  1.1

Action                     |  1- 3 |  4- 6 |  7- 9 | 10-12 | 13-15 | 16-18 || total
---------------------------+-------+-------+-------+-------+-------+-------++-------
  Melee: Hand axe          |    42 |   115 |    27 |       |       |       ||   184
         Headbutt          |     7 |    14 |    37 |    72 |   184 |   165 ||   479
         War axe           |       |       |   177 |   412 |   429 |       ||  1018
         Punch             |       |       |     1 |     4 |     6 |       ||    11
         Executioner's axe |       |       |       |       |    65 |       ||    65
         Morningstar       |       |       |       |       |   394 |   799 ||  1193
         Unarmed           |       |       |       |       |       |    26 ||    26
  Throw: Stone             |       |       |    30 |    52 |    49 |       ||   131
         Dart              |       |       |     6 |    17 |    26 |    12 ||    61
         Javelin           |       |       |       |       |     5 |       ||     5
 Invoke: Berserk           |     1 |     3 |     6 |    16 |    19 |    18 ||    63
         Trog's Hand       |       |     1 |     4 |     5 |     1 |     4 ||    15
         Brothers in Arms  |       |       |       |     2 |     3 |     3 ||     8
    Use: Scroll            |       |     1 |     4 |     5 |     9 |    18 ||    37
         Potion            |       |       |       |       |     9 |     2 ||    11
 Armour: Animal skin       |     1 |       |       |       |       |       ||     1
         Leather armour    |     2 |       |       |       |       |       ||     2
         Chain mail        |    10 |    50 |    69 |       |   158 |       ||   287
         Plate armour      |       |       |     9 |   131 |   290 |   450 ||   880
  Dodge: Dodged            |    37 |    97 |   165 |   228 |   715 |   489 ||  1731
  Block: Other             |       |    19 |    50 |    78 |   132 |     1 ||   280
         Reflection        |       |       |     3 |    10 |    41 |   105 ||   159
         Kite shield       |       |       |       |       |   520 |  1222 ||  1742

Table legend: (Time is in decaauts)
 A = Elapsed time spent in this place.
 B = Non-inter-level travel time spent in this place.
 C = Inter-level travel time spent in this place.
 D = Time resting spent in this place.
 E = Time spent auto-exploring this place.
 F = Levels seen in this place.
 G = Mean time per level.
                   A        B        C        D        E       F      G
               +--------+--------+--------+--------+--------+-----+--------+
         Total |  35904 |  34436 |   1468 |   6537 |  19154 |  29 | 1238.1 |
       Dungeon |  16453 |  15623 |    830 |   1461 |  10293 |  15 | 1096.9 |
          Lair |   7103 |   6781 |    322 |   1197 |   4066 |   5 | 1420.6 |
         Swamp |    813 |    796 |     17 |    100 |    360 |   2 |  406.5 |
     Snake Pit |   7700 |   7478 |    222 |   2349 |   3365 |   4 | 1925.0 |
  Orcish Mines |   3672 |   3596 |     76 |   1429 |   1036 |   2 | 1836.0 |
       Ossuary |    161 |    161 |      0 |      0 |     33 |   1 |  161.0 |
               +--------+--------+--------+--------+--------+-----+--------+

Top non-repeatable levels by time:
    D:12: 2239 daAuts
 Snake:4: 2210 daAuts
 Snake:3: 1976 daAuts
  Lair:3: 1967 daAuts
   Orc:2: 1895 daAuts
 Snake:2: 1827 daAuts
   Orc:1: 1777 daAuts
 Snake:1: 1685 daAuts
  Lair:5: 1684 daAuts
    D:13: 1503 daAuts
     D:8: 1412 daAuts
    D:11: 1273 daAuts
  Lair:2: 1220 daAuts
     D:5: 1182 daAuts
  Lair:4: 1176 daAuts
